 Dungeon Crawl Stone Soup version 0.26.0-45-g9c1d065592 (webtiles) character file.

Game seed: 5731182784454740085

96 inqbanana the Skirmisher (level 4, -3/49 HPs)
             Began as an Ogre Chaos Knight on Jan 29, 2021.
             Was a Plaything of Xom.
             Killed from afar by Natasha (10 damage)
             ... with a magic dart
             ... on level 2 of the Dungeon.
             The game lasted 00:02:32 (1300 turns).

inqbanana the Skirmisher (Ogre Chaos Knight)        Turns: 1300, Time: 00:02:32

Health: -3/49      AC:  4    Str: 14    XL:     4   Next: 67%
Magic:  4/4        EV: 10    Int: 13    God:    Xom [..*...]
Gold:   46         SH:  0    Dex:  9    Spells: 3/3 levels left

rFire    . . .     SeeInvis .   a - +1 mace (chaos)
rCold    . . .     Faith    .   (no shield)
rNeg     . . .     Spirit   .   b - +2 robe
rPois    .         Reflect  .   (helmet restricted)
rElec    .         Harm     .   (no cloak)
rCorr    .         Rampage  .   (gloves unavailable)
Will     .....                  (boots unavailable)
Stlth    +.........             (no amulet)
HPRegen  0.16/turn              (no ring)
MPRegen  0.09/turn              (no ring)

@: attractive
A: large, unfitting armour, blurry vision 1, deformed body, tough skin 1, weak 1
a: Renounce Religion


You were on level 2 of the Dungeon.
You worshipped Xom.
You were a toy of Xom.
You visited 1 branch of the dungeon, and saw 2 of its levels.

You collected 46 gold pieces.

Inventory:

Hand Weapons
 a - a +1 mace of chaos (weapon)
Missiles
 d - 2 boomerangs (quivered)
 f - 4 large rocks
Armour
 b - a +2 robe (worn)
Jewellery
 g - a cursed ring of teleportation {unknown}
Scrolls
 c - a scroll of enchant weapon
 e - a scroll of fear {unknown}
 h - 2 scrolls of identify
 i - 3 scrolls of teleportation
 l - 2 scrolls of magic mapping
 m - 2 scrolls of immolation


   Skills:
 + Level 4.5 Fighting
 * Level 3.6 Maces & Flails
 + Level 1.2 Throwing
 + Level 1.1 Armour
 + Level 2.6 Dodging


You had 3 spell levels left.
You didn't know any spells.
Your spell library was empty.

Dungeon Overview and Level Annotations

Branches:
Dungeon (2/15)

Altars:
The Shining One

Annotations:
D:2 Natasha


Innate Abilities, Weirdness & Mutations

You are too large for most types of armour.
You have tough skin. (AC +1)
Scrolls take you a little longer to read.
Armour fits poorly on your strangely shaped body.
You are weak. (Str -2)


Message History

Things that are here:
a +2 trident of freezing; a +0 ring mail; the human corpse of Terence
Things that are here:
a +2 trident of freezing; a +0 ring mail; the human corpse of Terence It was a potion of attraction.
You feel attractive to monsters.
You start resting.
Natasha, Servant of Life and Death comes into view.
She is carrying a wand of polymorph (7).
Natasha is pulled toward you!
Natasha is nearby!
You are too injured to fight recklessly!
You are too injured to fight recklessly!
You are too injured to fight recklessly!
You are too injured to fight recklessly!
You hit Natasha.
Natasha suddenly seems more agile.
Natasha is lightly wounded.
Natasha stares at you and mumbles some strange words.
The magic dart hits you!
You die...
Xom cackles wildly!

#........#,,,,,,,,,**,,,,,,,,,
##.......#***,,,,,,**,,,,,,,,,
#.......# *,,,,,,**+*****+**
#.......####,,,,,,+,,,,,,*+**
#.#.........,,,,,,*,,,,,,,,,,
#.#.........#####+#.(.,,,,,,,
#.#...................,,,,,,,
#.#.#.....##h)........,,,,,,,
#.#.........@.........,,,,,,,
#...##+###.#.####+####*******
##..##.# #.#.#***,*
#.>...###.#..,,,,*
##.####...#######*
#....#.##......#
####.#.*##.###.# #.#.###.#.#.#
#.#.......#.#


You could see Natasha (agile).

Vanquished Creatures
  Terence (D:2)
  Natasha (D:2)
  An adder (D:2)
  2 dart slugs (D:2)
  2 leopard geckos (D:1)
  3 ball pythons
  A goblin (D:1)
  3 hobgoblins
  4 jackals
  3 bats (D:1)
  4 frilled lizards
  4 kobolds
  4 rats (D:1)
33 creatures vanquished.

Vanquished Creatures (others)
  12 toadstools (D:2)
12 creatures vanquished.

Grand Total: 45 creatures vanquished

Notes
Turn   | Place    | Note
-------+----------+-------------------------------------------
     0 | D:1      | inqbanana the Ogre Chaos Knight began the quest for the
                  | Orb.
     0 | D:1      | Reached XP level 1. HP: 24/24 MP: 1/1
    45 | D:1      | XOM: silly message
   210 | D:1      | Reached XP level 2. HP: 30/32 MP: 2/2
   249 | D:1      | XOM: divination: detect creatures
   406 | D:1      | XOM: divination: magic mapping
   640 | D:1      | Found a glowing golden altar of the Shining One.
   930 | D:2      | Reached XP level 3. HP: 39/39 MP: 3/3
   984 | D:2      | XOM: silly message
   998 | D:2      | Noticed Natasha
  1002 | D:2      | XOM: potion effect (haste)
  1006 | D:2      | XOM: blink monster(s)
  1010 | D:2      | XOM: swap monsters
  1017 | D:2      | Killed Natasha
  1018 | D:2      | Reached skill level 1 in Throwing
  1018 | D:2      | Reached skill level 1 in Armour
  1018 | D:2      | Reached XP level 4. HP: 43/49 MP: 4/4
  1065 | D:2      | XOM: give mutations
  1065 | D:2      | Gained mutation: Armour fits poorly on your strangely
                  | shaped body. [Xom's mischief]
  1065 | D:2      | Gained mutation: You are weak. (Str -2) [Xom's mischief]
  1065 | D:2      | Gained mutation: Scrolls take you a little longer to read.
                  | [Xom's mischief]
  1266 | D:2      | Noticed Terence
  1275 | D:2      | Killed Terence
  1299 | D:2      | Noticed Natasha
  1300 | D:2      | Killed from afar by Natasha

Illustrated notes

Levels and vault maps discovered:
D:1:      dpeg_arrival_tiny_a, layout_loops_cross,
          chequers_serial_rivers_large_a, tso_altar
D:2:      cheibrodos_fertilizer, layout_basic, uniq_natasha, uniq_terence

Skill      XL: |  1  2  3 |
---------------+----------+-----
Maces & Flails | 3 |  3.6
Throwing       | 1 |  1.2
Armour         | 1 |  1.1
Fighting       | |  4.5
Dodging        | |  2.6

Action                   |  1- 3 |  4- 6 || total
-------------------------+-------+-------++-------
Melee: Mace              |    72 |    10 ||    82
       Unarmed           |    10 |       ||    10
Throw: Boomerang         |     5 |       ||     5
  Use: Scroll            |     3 |     3 ||     6
       Potion            |     3 |     2 ||     5
Armor: Robe              |    44 |     2 ||    46
Dodge: Dodged            |    44 |     3 ||    47
